 Dungeon Crawl Stone Soup version 0.20.1-1-g8b1a95d (webtiles) character file.

44 torrenera the Firebug (level 3, 0/23 HPs)
             Began as a Hill Orc Fire Elementalist on Aug 29, 2017.
             Succumbed to an adder's poison
             ... on level 2 of the Dungeon.
             The game lasted 00:04:12 (1539 turns).

torrenera the Firebug (Hill Orc Fire Elementalist)  Turns: 1539, Time: 00:04:14

Health: 0/23       AC:  4    Str: 11    XL:     3   Next: 60%
Magic:  1/5        EV: 12    Int: 13    God:
Gold:   72         SH:  0    Dex: 11    Spells: 4/5 levels left

rFire    + . .     SeeInvis .   u - +0 war axe
rCold    . . .     Gourm    .   (no shield)
rNeg     . . .     Faith    .   a - +0 robe
rPois    .         Spirit   .   (no helmet)
rElec    .         Reflect  .   g - +0 cloak
rCorr    .         Harm     .   e - +0 pair of gloves
MR       .....     Clarity  +   (no boots)
Stlth    ++........             (no amulet)
Regen    0.1/turn               h - ring of fire
MPRegen  0.1/turn               o - ring of protection from cold

@: lethally poisoned (0 -> -6), very slightly contaminated
A: clarity, dopey 1, frail 1
a: no special abilities


You were on level 2 of the Dungeon.
You were very full.

You visited 1 branch of the dungeon, and saw 2 of its levels.

You collected 72 gold pieces.

Inventory:

Hand Weapons
 u - a +0 war axe (weapon)
Missiles
 k - 43 stones (quivered)
 s - 13 poisoned needles
Armour
 a - a +0 robe (worn)
 e - a +0 pair of gloves (worn)
 g - a +0 cloak (worn)
 v - a +0 helmet
Jewellery
 h - a ring of fire (left hand)
 m - an uncursed ring of positive energy
 o - a ring of protection from cold (right hand)
Scrolls
 d - a scroll of immolation {unknown}
 j - a scroll of remove curse {unknown}
 n - a scroll of fear {unknown}
 p - 2 scrolls of identify {unknown}
 q - 2 scrolls of teleportation {unknown}
 t - a scroll of recharging {unknown}
Books
 b - a book of Flames

   Spells                             Type                      Level
   a - Flame Tongue                   Conjuration/Fire             1
   b - Throw Flame                    Conjuration/Fire             2
   c - Conjure Flame                  Conjuration/Fire             3
   d - Inner Flame                    Hexes/Fire                   3
   e - Sticky Flame                   Conjuration/Fire             4
   f - Fireball                       Conjuration/Fire             5
Comestibles
 c - 2 bread rations
 i - 2 meat rations
 l - 3 chunks of flesh


   Skills:
 - Level 1.5 Dodging
 - Level 1.5 Stealth
 - Level 1.5 Spellcasting
 - Level 1.0 Conjurations
 + Level 4.9 Fire Magic


You had 4 spell levels left.
You knew the following spells:

 Your Spells              Type           Power        Failure   Level  Hunger
a - Flame Tongue          Conj/Fire      ##...        8%          1    ##.....


Dungeon Overview and Level Annotations

Branches:
Dungeon (2/15)

Altars:
Kikubaaqudgha


Innate Abilities, Weirdness & Mutations

You possess an exceptional clarity of mind.
You are dopey. (Int -2)
You are frail. (-10% HP)


Message History

You feel sick.
Unknown command.
There is a lethal amount of poison in your body!
There is a lethal amount of poison in your body!
There is a lethal amount of poison in your body!
There is a lethal amount of poison in your body!
There is a lethal amount of poison in your body!
There is a lethal amount of poison in your body!
There is a lethal amount of poison in your body!
There is a lethal amount of poison in your body!
There is a lethal amount of poison in your body!
There is a lethal amount of poison in your body!
* * * LOW HITPOINT WARNING * * *
You feel sick.
* * * LOW HITPOINT WARNING * * *
You feel sick.
You aren't carrying any potions.
You eat the royal jelly.
That royal jelly was delicious!
You eat one of the 3 meat rations.
That meat ration really hit the spot!
You die...

#.. .#.. ######...#
#......... #.........
#..†......
#########.........
#.......@.........
#...........##....
###...........# ....
..............# ...
######.##......÷..>.#
..
#................<..#
#......####..########
#.........#..#
#...##....#..#


There were no monsters in sight!

Vanquished Creatures
  2 adders (D:2)
  A dart slug (D:1)
  A worm (D:2)
  A leopard gecko (D:1)
  A giant cockroach (D:1)
  6 goblins
  A hobgoblin (D:2)
  4 kobolds
  2 bats
  2 frilled lizards
  2 rats
23 creatures vanquished.

Notes
Turn   | Place    | Note
-------+----------+-------------------------------------------
     0 | D:1      | torrenera the Hill Orc Fire Elementalist began the quest for the Orb.
     0 | D:1      | Reached XP level 1. HP: 14/14 MP: 3/3
   381 | D:1      | Reached XP level 2. HP: 20/20 MP: 0/4
   635 | D:1      | Reached skill level 4 in Fire Magic
  1069 | D:2      | Reached XP level 3. HP: 17/26 MP: 0/5
  1421 | D:2      | Found an ancient bone altar of Kikubaaqudgha.
  1530 | D:2      | Gained mutation: You are frail. (-10% HP) [potion of mutation]
  1530 | D:2      | Gained mutation: You are dopey. (Int -2) [potion of mutation]
  1530 | D:2      | Gained mutation: You possess an exceptional clarity of mind. [potion of mutation]
  1535 | D:2      | HP: 1/23 [poisoned by an adder]
  1539 | D:2      | Succumbed to an adder's poison

Skill      XL: |  1  2 |
---------------+-------+-----
Fire Magic     | 4 |  4.9
Dodging        | |  1.5
Stealth        | |  1.5
Spellcasting   | |  1.5
Conjurations   | |  1.0

Action                   || total
-------------------------++-------
Melee: War axe           ||     9
 Cast: Flame Tongue      ||    41
  Use: Potion            ||     1
  Eat: Chunk             ||     3
       Meat ration       ||     1
       Royal jelly       ||     1
Armor: Robe              ||    11
Dodge: Dodged            ||    23
